Map: Blackpink LE

Players

Isszul - Winner!

  • Race: Zerg Zerg
  • League: Diamond
  • Spawn Location: 1:00

Karyaga

  • Race: Terran Terran
  • League: Diamond
  • Spawn Location: 7:00

VOD

Have the link to the VOD?

Description

Time

  • Played on: Nov. 23, 2017, 11 a.m.
  • Length: 17:32
Show
View Real Time Build Order
Export as new Build Order

Isszul Zerg - Winner!

Build Orders: Hatch First 

Get SALT Encoding   

  12  0:00  Drone  
  13  0:12  Overlord  
  13  0:17  Drone  
  14  0:30  Drone x2  
  14  0:34  Drone  
  17  0:51  Hatchery  
  17  0:54  Drone  
  17  1:01  Drone  
  18  1:09  Extractor  
  17  1:15  Spawning Pool  
  17  1:17  Drone  
  17  1:20  Drone  
  18  1:28  Drone  
  19  1:39  Overlord  
  19  1:50  Drone  
  20  2:01  Queen  
  20  2:03  Queen, Zergling x2  
  20  2:04  Zergling x2  
  26  2:13  Drone  
  27  2:27  Hatchery  
  26  2:31  Metabolic Boost  
  26  2:36  Drone  
  27  2:44  Drone x3  
  27  2:49  Drone x2  
  31  2:53  Drone  
  31  2:57  Drone  
  33  3:05  Drone  
  34  3:09  Drone  
  35  3:17  Overlord  
  35  3:18  Overlord  
  35  3:26  Overlord x2  
  35  3:35  Queen  
  35  3:38  Drone x3  
  35  3:39  Drone x2  
  35  3:40  Queen  
  44  3:49  Queen  
  44  3:50  Drone x2  
  44  3:53  Zergling x4  
  50  4:01  Drone x3  
  50  4:02  Drone  
  54  4:06  Extractor  
  53  4:16  Queen x2  
  57  4:21  Drone x5  
  62  4:27  Queen  
  62  4:30  Zergling x6  
  67  4:37  Drone x2  
  69  4:46  Drone, Spore Crawler  
  69  4:47  Drone x2, Spore Crawler  
  69  4:51  Drone x2  
  69  4:52  Baneling Nest  
  71  4:53  Evolution Chamber  
  71  4:55  Evolution Chamber  
  69  5:04  Drone x2  
  69  5:05  Drone x2  
  73  5:26  Zergling x12  
  73  5:33  Zergling x2  
  73  5:34  Overlord x3  
  73  5:35  Overlord  
  74  5:48  Lair  
  74  5:50  Extractor  
  74  5:51  Zerg Melee Weapons Level 1  
  74  5:52  Zerg Ground Armor Level 1, Queen x2  
  74  5:54  Drone x3  
  74  5:55  Drone x2, Extractor  
  74  5:56  Drone  
  82  5:59  Extractor  
  82  6:00  Extractor  
  82  6:01  Spore Crawler  
  79  6:11  Hatchery  
  78  6:21  Hatchery  
  77  6:27  Zergling x20  
  79  6:49  Drone  
  79  6:50  Drone  
  79  6:51  Drone x2  
  79  6:52  Drone x4  
  87  7:06  Queen  
  87  7:07  Infestation Pit  
  88  7:14  Overseer  
  88  7:26  Drone  
  88  7:27  Drone x7, Hydralisk Den  
  88  7:28  Drone x2  
  97  7:30  Centrifical Hooks  
  97  7:33  Drone x3  
  97  7:34  Drone x5  
  105  7:40  Drone  
  106  7:51  Zergling x6  
  106  7:57  Muscular Augments  
  109  7:59  Hive  
  109  8:00  Pathogen Glands  
  109  8:01  Burrow  
  109  8:03  Overlord  
  109  8:04  Overlord x5  
  109  8:21  Queen x3  
  109  8:23  Zergling x34  
  109  8:26  Hydralisk  
  134  8:38  Zergling x20  
  134  8:39  Zergling x6  
  123  8:49  Zergling x10  
  123  8:51  Zergling x2  
  120  8:57  Neural Parasite, Queen x3  
  120  9:02  Hydralisk x5  
  121  9:09  Zergling x8  
  125  9:15  Zergling x4  
  124  9:19  Queen  
  124  9:20  Infestor x3  
  134  9:27  Zerg Melee Weapons Level 2  
  134  9:28  Zerg Ground Armor Level 2  
  134  9:32  Hydralisk  
  134  9:33  Hydralisk x4, Queen  
  146  9:41  Overseer  
  144  9:55  Extractor  
  144  9:56  Extractor  
  144  9:59  Drone x5  
  151  10:00  Drone x10  
  151  10:04  Hatchery  
  151  10:05  Spore Crawler  
  155  10:09  Ultralisk Cavern, Adrenal Glands  
  154  10:15  Hydralisk  
  156  10:39  Overlord x2  
  156  10:40  Overlord  
  149  11:02  Zergling x44  
  156  11:15  Hydralisk x4  
  156  11:16  Hydralisk x7  
  156  11:17  Hydralisk x2  
  188  11:18  Ultralisk  
  188  11:20  Overlord x3  
  188  11:22  Chitinous Plating  
  188  11:38  Infestor  
  188  11:39  Infestor x5  
  176  12:05  Infestor x3  
  182  12:08  Zergling x4  
  182  12:09  Zergling x30  
  191  13:18  Ultralisk  
  195  13:25  Zergling x12  
  200  16:05  Extractor  
  200  16:07  Extractor  
  200  16:33  Baneling  
  200  16:34  Baneling x22  
  200  16:35  Baneling x23  
  200  16:36  Zergling x4  
  200  17:02  Hatchery  
Show
View Real Time Build Order
Export as new Build Order

Karyaga Terran 

Build Orders:  

Get SALT Encoding   

  12  0:00  SCV  
  13  0:12  SCV  
  14  0:17  Supply Depot  
  14  0:24  SCV  
  15  0:28  Refinery  
  15  0:39  SCV  
  16  0:46  Barracks  
  16  0:51  SCV  
  17  1:03  SCV  
  18  1:15  SCV  
  19  1:27  SCV  
  20  1:34  Reaper  
  21  1:43  Command Center  
  21  1:50  Orbital Command  
  21  2:08  Barracks Reactor  
  21  2:09  Factory  
  21  2:15  SCV  
  22  2:22  Supply Depot  
  22  2:27  SCV  
  23  2:36  Refinery  
  23  2:43  SCV  
  24  2:54  Supply Depot  
  24  2:55  SCV  
  25  3:03  Factory  
  29  3:05  Hellion  
  29  3:06  Barracks Reactor, Hellion  
  29  3:07  SCV  
  29  3:12  Orbital Command  
  30  3:20  Supply Depot  
  30  3:23  SCV  
  31  3:32  Hellion x2  
  35  3:36  SCV  
  36  3:44  Supply Depot  
  36  3:53  Cyclone  
  39  4:00  Cyclone  
  39  4:02  SCV x2  
  44  4:06  Cyclone  
  47  4:19  Armory, SCV  
  47  4:20  SCV  
  49  4:29  Hellion  
  49  4:30  Hellion  
  53  4:31  SCV  
  53  4:33  SCV  
  55  4:43  SCV, Hellion x2  
  55  4:45  SCV  
  61  4:56  SCV  
  61  4:57  SCV  
  63  5:00  Cyclone, Refinery  
  63  5:04  Supply Depot  
  66  5:08  SCV  
  66  5:09  SCV  
  68  5:20  SCV  
  69  5:25  Cyclone x2  
  70  5:32  Cyclone  
  65  5:38  SCV x2  
  65  5:42  Refinery  
  67  5:47  Hellion  
  67  5:49  Supply Depot  
  69  5:53  Command Center  
  69  5:57  Cyclone  
  69  5:59  Cyclone  
  69  6:03  SCV x2  
  77  6:13  Factory  
  77  6:15  SCV  
  77  6:16  SCV  
  79  6:18  Terran Vehicle Weapons Level 1  
  79  6:28  SCV  
  78  6:35  Cyclone  
  78  6:36  Hellion x2  
  78  6:37  Hellion  
  67  6:49  SCV x2  
  69  6:58  Factory Tech Lab, Hellion x3  
  69  7:00  Armory  
  75  7:01  SCV  
  75  7:02  Factory, SCV  
  75  7:05  Factory  
  75  7:07  Hellion  
  79  7:13  SCV  
  79  7:14  Orbital Command  
  80  7:16  SCV  
  81  7:26  SCV  
  81  7:27  Cyclone x3  
  81  7:28  SCV  
  92  7:38  Supply Depot x2, SCV  
  92  7:40  SCV  
  94  7:57  Hellion  
  94  7:58  SCV x3  
  99  8:00  Cyclone x2  
  99  8:04  Infernal Pre-Igniter, Factory Tech Lab  
  99  8:05  Factory Tech Lab  
  105  8:10  Supply Depot, SCV x2  
  107  8:13  Cyclone  
  110  8:23  Hellion  
  112  8:32  Supply Depot, Hellion  
  108  8:53  Hellion x3  
  108  8:54  Hellion  
  99  9:07  Siege Tank x3  
  96  9:14  Hellion x3  
  96  9:15  SCV x3  
  93  9:17  Refinery  
  93  9:18  Refinery  
  93  9:19  Supply Depot, Hellion  
  93  9:22  Terran Vehicle Weapons Level 2  
  93  9:23  Terran Vehicle And Ship Armor Level 1  
  95  9:27  Supply Depot  
  95  9:28  SCV x3  
  95  9:29  Factory  
  98  9:33  Command Center  
  98  9:36  Hellion x3  
  104  9:40  SCV x3  
  104  9:41  Supply Depot  
  107  9:47  Hellion  
  107  9:49  Siege Tank x2  
  107  9:50  Supply Depot  
  107  9:52  SCV x2  
  117  9:57  Hellion  
  119  10:09  Cyclone x3  
  119  10:12  Siege Tank  
  131  10:28  Siege Tank x2  
  137  10:29  Hellion x2  
  137  10:31  SCV x3  
  144  10:39  Command Center  
  144  10:41  Hellion  
  146  10:48  SCV  
  146  10:49  SCV x2  
  141  10:59  Hellion x5  
  135  11:10  Hellion x3  
  126  11:12  SCV x3  
  126  11:18  Terran Vehicle And Ship Armor Level 2  
  126  11:20  Siege Tank  
  129  11:31  Siege Tank  
  129  11:32  Siege Tank  
  135  11:36  Hellion  
  135  11:37  Hellion x4  
  145  11:52  Siege Tank  
  148  11:58  Hellion x3  
  148  12:00  Hellion  
  123  12:04  Hellion, Siege Tank  
  119  12:09  Factory Reactor  
  117  12:19  Hellion x2  
  117  12:20  Hellion  
  122  12:29  Siege Tank  
  125  12:39  Engineering Bay  
  125  12:41  Siege Tank x2, Hellion x2  
  135  12:46  Hellion x2  
  139  13:01  Siege Tank  
  139  13:04  Hellion x2  
  139  13:05  Hellion x2  
  150  13:07  Hellion x2  
  133  13:13  Siege Tank  
  133  13:14  Hellion  
  111  13:28  Hellion x4  
  111  13:29  Hellion x2  
  111  13:33  Hellion  
Tags
 
Add a new tag
Caveats
  • Supply blocks, unpowered buildings, or Contaminate may cause inaccurate times.
  • Supply counts are checked every 10 seconds.